BSA
ST CHARLES SHEENS @ SPRINGFIELD STARS
07/23/2030
 
TOP OF THE 1ST
St Charles Sheens batting - Pitching for Springfield Stars : RHP Kyu-pyeong Pak
Pitching: RHP Kyu-pyeong Pak
Batting: RHB Miguel Palácios 0-0: SINGLE (Line Drive, 8LS)
Batting: RHB Jesús Hernández 0-0: Ball
1-0: Grounds into double play, 6-4-3 (Groundball, 6M)
Batting: RHB Ramón Molina 0-0: Ball
1-0: Ground out 4-3 (Groundball, 4S)
Top of the 1st over - 0 runs, 1 hit, 0 errors, 0 left on base; St Charles 0 - Springfield 0
BOTTOM OF THE 1ST
Springfield Stars batting - Pitching for St Charles Sheens : LHP Paul Adams
Pitching: LHP Paul Adams
Batting: RHB Norberto Taváres 0-0: Foul Ball, location: 2F
0-1: Called Strike
0-2: Ball
1-2: Ball
2-2: Ball
3-2: DOUBLE (Line Drive, 78D)
Batting: RHB Gabriel Erwin 0-0: Ball
1-0: Ball
2-0: Called Strike
2-1: Ball
3-1: Ground out 5-3 (Groundball, 56)
Batting: LHB Felipe Guerrero 0-0: Called Strike
0-1: Foul Ball, location: 2F
0-2: Ball
1-2: Foul Ball, location: 2F
1-2: Foul Ball, location: 2F
1-2: Ground out 4-3 (Groundball, 34D)
Norberto Taváres to third
Batting: LHB Derek Davidson 0-0: Ball
1-0: Foul Ball, location: 2F
1-1: Ball
2-1: Ball
3-1: Foul Ball, location: 2F
3-2: Foul Ball, location: 2F
3-2: Base on Balls
Batting: LHB Elliott Newell 0-0: Called Strike
0-1: Swinging Strike
0-2: SINGLE (Line Drive, 4MD)
Norberto Taváres scores
Derek Davidson to second
Batting: LHB Will Hill 0-0: Ball
1-0: Fly out, F9 (Flyball, 9LS)
Bottom of the 1st over - 1 run, 2 hits, 0 errors, 2 left on base; St Charles 0 - Springfield 1
TOP OF THE 2ND
St Charles Sheens batting - Pitching for Springfield Stars : RHP Kyu-pyeong Pak
Batting: RHB Shawn Gutiérrez 0-0: Ball
1-0: Ball
2-0: Called Strike
2-1: Ball
3-1: Base on Balls
Batting: LHB Larry Howard 0-0: Swinging Strike
0-1: Fly out, F7 (Flyball, 7LD)
Batting: RHB Glen MacDonald 0-0: Ball
1-0: Ball
2-0: Called Strike
2-1: Ball
3-1: Base on Balls
Shawn Gutiérrez to second
Batting: RHB Sergio Pujols 0-0: Ball
1-0: Called Strike
1-1: Reached on error, E4 (Groundball, 4)
Shawn Gutiérrez to third
Glen MacDonald to second
Batting: RHB Lúcio Alfaro 0-0: Ball
1-0: Called Strike
1-1: Ball
2-1: Swinging Strike
2-2: Ball
3-2: Foul Ball, location: 2F
3-2: Reached on error, E5 (Groundball, 5S)
Shawn Gutiérrez scores
Glen MacDonald scores
Sergio Pujols to third
Batting: RHB Salvador Rodríguez 0-0: Called Strike
0-1: Ball
1-1: Swinging Strike
1-2: Ball
2-2: Strikes out looking
Batting: RHB Miguel Palácios 0-0: Ball
1-0: Reached on error, E6 (Groundball, 6MS)
Sergio Pujols scores
Lúcio Alfaro scores
Batting: RHB Jesús Hernández 0-0: Called Strike
0-1: Ball
1-1: SINGLE (Line Drive, 8LM)
Miguel Palácios to third
Batting: RHB Ramón Molina 0-0: Ball
1-0: Foul Ball, location: 2F
1-1: SINGLE (Line Drive, 6D)
Miguel Palácios scores
Jesús Hernández to second
Runner from 2nd tries for 3rd, SAFE, throw made to third
Batting: RHB Shawn Gutiérrez 0-0: Ball
1-0: Ball
2-0: Called Strike
2-1: Ground out 1-3 (Groundball, 13)
Top of the 2nd over - 5 runs, 2 hits, 3 errors, 2 left on base; St Charles 5 - Springfield 1
BOTTOM OF THE 2ND
Springfield Stars batting - Pitching for St Charles Sheens : LHP Paul Adams
Batting: RHB Dave Henderson 0-0: Ball
1-0: Ball
2-0: Ball
3-0: Base on Balls
Batting: RHB José López 0-0: Ball
1-0: Grounds into double play, 1-6-3 (Groundball, 13)
Batting: LHB Roberto Trujillo 0-0: Called Strike
0-1: Foul Ball, location: 2F
0-2: Ball
1-2: Fly out, F8 (Line Drive, 8RM)
Bottom of the 2nd over - 0 runs, 0 hits, 0 errors, 0 left on base; St Charles 5 - Springfield 1
TOP OF THE 3RD
St Charles Sheens batting - Pitching for Springfield Stars : RHP Kyu-pyeong Pak
Batting: LHB Larry Howard 0-0: Called Strike
0-1: Ball
1-1: Swinging Strike
1-2: Foul Ball, location: 2F
1-2: Strikes out swinging passed ball, reaches first!
Batting: RHB Glen MacDonald 0-0: Called Strike
0-1: Ball
1-1: Foul Ball, location: 2F
1-2: SINGLE (Line Drive, 9LS)
Larry Howard to second
Runner from 2nd tries for 3rd, SAFE, throw made to third
Batting: RHB Sergio Pujols 0-0: Ball
1-0: Called Strike
1-1: Ball
2-1: Ball
3-1: Called Strike
3-2: SINGLE (Line Drive, 34)
Larry Howard scores
Glen MacDonald to second
Batting: RHB Lúcio Alfaro 0-0: Called Strike
0-1: Swinging Strike
0-2: Ball
1-2: Strikes out swinging
Batting: RHB Salvador Rodríguez 0-0: Swinging Strike
0-1: Foul Ball, location: 2F
0-2: Foul Ball, location: 2F
0-2: Ball
1-2: Strikes out swinging
Batting: RHB Miguel Palácios 0-0: Called Strike
0-1: Ground out 3-1 (Groundball, 34)
Top of the 3rd over - 1 run, 2 hits, 0 errors, 2 left on base; St Charles 6 - Springfield 1
BOTTOM OF THE 3RD
Springfield Stars batting - Pitching for St Charles Sheens : LHP Paul Adams
Batting: RHB Norberto Taváres 0-0: Foul Ball, location: 2F
0-1: Ball
1-1: Foul Ball, location: 2F
1-2: Ball
2-2: Ground out 5-3 (Groundball, 56S)
Batting: RHB Gabriel Erwin 0-0: Ball
1-0: Foul Ball, location: 2F
1-1: Swinging Strike
1-2: Strikes out swinging
Batting: LHB Felipe Guerrero 0-0: Ball
1-0: Ball
2-0: Ball
3-0: Called Strike
3-1: Swinging Strike
3-2: Fly out, F9 (Flyball, 9)
Bottom of the 3rd over - 0 runs, 0 hits, 0 errors, 0 left on base; St Charles 6 - Springfield 1
TOP OF THE 4TH
St Charles Sheens batting - Pitching for Springfield Stars : RHP Kyu-pyeong Pak
Batting: RHB Jesús Hernández 0-0: Called Strike
0-1: Ground out 1-3 (Groundball, P)
Batting: RHB Ramón Molina 0-0: Ball
1-0: Ball
2-0: Called Strike
2-1: Ball
3-1: Base on Balls
Batting: RHB Shawn Gutiérrez 0-0: Ball
1-0: Ball
2-0: Swinging Strike
2-1: Ball
3-1: Ground out 6-3 (Groundball, 6S)
Ramón Molina to second
Batting: LHB Larry Howard 0-0: Called Strike
0-1: Foul Ball, location: 2F
0-2: Foul Ball, location: 2F
0-2: Ball
1-2: Ground out 3-1 (Groundball, 34)
Top of the 4th over - 0 runs, 0 hits, 0 errors, 1 left on base; St Charles 6 - Springfield 1
BOTTOM OF THE 4TH
Springfield Stars batting - Pitching for St Charles Sheens : LHP Paul Adams
Batting: LHB Derek Davidson 0-0: Ball
1-0: Called Strike
1-1: Ball
2-1: Called Strike
2-2: Foul Ball, location: 2F
2-2: Foul Ball, location: 2F
2-2: Foul Ball, location: 2F
2-2: Strikes out swinging
Batting: LHB Elliott Newell 0-0: Foul Ball, location: 2F
0-1: SOLO HOME RUN (Flyball, 9D), Distance : 361 ft
Batting: LHB Will Hill 0-0: Swinging Strike
0-1: Ball
1-1: SINGLE (Groundball, 4D)
Batting: RHB Dave Henderson 0-0: Swinging Strike
0-1: Ball
1-1: SINGLE (Groundball, 34D)
Will Hill to second
Runner from 2nd tries for 3rd, SAFE, no throw
Batting: RHB José López 0-0: Ball
1-0: Foul Ball, location: 2F
1-1: Ball
2-1: Ground out 5-3 (Groundball, 56S)
Will Hill scores
Dave Henderson to second
Batting: LHB Roberto Trujillo 0-0: Ball
1-0: Foul Ball, location: 2F
1-1: Swinging Strike
1-2: Fly out, F9 (Flyball, 9S)
Bottom of the 4th over - 2 runs, 3 hits, 0 errors, 1 left on base; St Charles 6 - Springfield 3
TOP OF THE 5TH
St Charles Sheens batting - Pitching for Springfield Stars : RHP Kyu-pyeong Pak
Batting: RHB Glen MacDonald 0-0: Called Strike
0-1: Called Strike
0-2: Strikes out looking
Batting: RHB Sergio Pujols 0-0: Ball
1-0: Called Strike
1-1: SOLO HOME RUN (Flyball, 78XD), Distance : 434 ft
Batting: RHB Lúcio Alfaro 0-0: Ball
1-0: Foul Ball, location: 2F
1-1: Called Strike
1-2: Fly out, F9 (Line Drive, 9LM)
Batting: RHB Salvador Rodríguez 0-0: SINGLE (Groundball, 6MD)
Pitching: LHP Anthony Erickson
Batting: RHB Miguel Palácios 0-0: Ball
1-0: Called Strike
1-1: Ball
2-1: Ball
3-1: Fielders Choice at 2nd, 5-4 (Groundball, 56)
Top of the 5th over - 1 run, 2 hits, 0 errors, 1 left on base; St Charles 7 - Springfield 3
BOTTOM OF THE 5TH
Springfield Stars batting - Pitching for St Charles Sheens : LHP Paul Adams
Batting: RHB Norberto Taváres 0-0: Ball
1-0: Swinging Strike
1-1: Ball
2-1: Reached on error, E6 (Groundball, 6)
Batting: RHB Gabriel Erwin 0-0: Called Strike
0-1: Ball
1-1: Foul Ball, location: 2F
1-2: Ball
2-2: SINGLE (Groundball, 56S) (infield hit)
Norberto Taváres to second
Batting: LHB Felipe Guerrero 0-0: Ball
1-0: Ball
2-0: Ball
3-0: Called Strike
3-1: Base on Balls
Norberto Taváres to third
Gabriel Erwin to second
Batting: LHB Derek Davidson 0-0: Ball
1-0: Foul Ball, location: 2F
1-1: Foul Ball, location: 2F
1-2: Strikes out swinging
Batting: LHB Elliott Newell 0-0: Ball
1-0: Ball
2-0: Swinging Strike
2-1: Foul Ball, location: 2F
2-2: Strikes out swinging
Batting: LHB Will Hill 0-0: Swinging Strike
0-1: Ball
1-1: Swinging Strike
1-2: Ball
2-2: Ball
3-2: Strikes out swinging
Bottom of the 5th over - 0 runs, 1 hit, 1 error, 3 left on base; St Charles 7 - Springfield 3
TOP OF THE 6TH
St Charles Sheens batting - Pitching for Springfield Stars : LHP Anthony Erickson
Batting: RHB Jesús Hernández 0-0: Ball
1-0: Called Strike
1-1: Swinging Strike
1-2: Foul Ball, location: 2F
1-2: Foul Ball, location: 2F
1-2: Ball
2-2: Ball
3-2: Foul Ball, location: 2F
3-2: Base on Balls
Batting: RHB Ramón Molina 0-0: Ball
1-0: Grounds into double play, 6-4-3 (Groundball, 6M)
Batting: RHB Shawn Gutiérrez 0-0: Ball
1-0: Ball
2-0: Ball
3-0: Base on Balls
Batting: LHB Larry Howard 0-0: SINGLE (Flyball, 7S)
Shawn Gutiérrez to second
Batting: RHB Glen MacDonald 0-0: Ball
1-0: Fielders Choice at 2nd, 6-4 (Groundball, 6)
Top of the 6th over - 0 runs, 1 hit, 0 errors, 2 left on base; St Charles 7 - Springfield 3
BOTTOM OF THE 6TH
Springfield Stars batting - Pitching for St Charles Sheens : LHP Paul Adams
Pitching: LHP Scott Davis
Batting: RHB Dave Henderson 0-0: Fly out, F7 (Flyball, 7)
Batting: RHB José López 0-0: Ball
1-0: Called Strike
1-1: Ball
2-1: Ball
3-1: Base on Balls
Batting: LHB Roberto Trujillo 0-0: Called Strike
0-1: Ball
1-1: Ball
2-1: Called Strike
2-2: Hit by Pitch
José López to second
Batting: RHB Norberto Taváres 0-0: Ball
Roberto Trujillo is caught stealing 2nd base
1-0: Foul Ball, location: 2F
1-1: Ball
2-1: Foul Ball, location: 2F
2-2: Foul Ball, location: 2F
2-2: Ball
3-2: Ground out 4-3 (Groundball, 4M)
Bottom of the 6th over - 0 runs, 0 hits, 0 errors, 1 left on base; St Charles 7 - Springfield 3
TOP OF THE 7TH
St Charles Sheens batting - Pitching for Springfield Stars : LHP Anthony Erickson
Batting: RHB Sergio Pujols 0-0: Foul Ball, location: 2F
0-1: Swinging Strike
0-2: Foul Ball, location: 2F
0-2: Ball
1-2: Ball
2-2: Ball
3-2: Strikes out swinging
Batting: RHB Lúcio Alfaro 0-0: Ball
1-0: Fly out, F8 (Flyball, 8LS)
Batting: RHB Salvador Rodríguez 0-0: Foul Ball, location: 2F
0-1: Ball
1-1: Ball
2-1: Fly out, F7 (Flyball, 7LSF)
Top of the 7th over - 0 runs, 0 hits, 0 errors, 0 left on base; St Charles 7 - Springfield 3
BOTTOM OF THE 7TH
Springfield Stars batting - Pitching for St Charles Sheens : LHP Scott Davis
Batting: RHB Gabriel Erwin 0-0: Swinging Strike
0-1: Called Strike
0-2: Ball
1-2: Ground out 6-3 (Groundball, 6)
Batting: LHB Felipe Guerrero 0-0: Ball
1-0: Foul Ball, location: 2F
1-1: Ball
2-1: Ground out 1-3 (Groundball, P)
Batting: LHB Derek Davidson 0-0: Called Strike
0-1: Ball
1-1: Ball
2-1: Foul Ball, location: 2F
2-2: Ball
3-2: Ground out U3 (Groundball, 3L)
Bottom of the 7th over - 0 runs, 0 hits, 0 errors, 0 left on base; St Charles 7 - Springfield 3
TOP OF THE 8TH
St Charles Sheens batting - Pitching for Springfield Stars : LHP Anthony Erickson
Batting: RHB Miguel Palácios 0-0: Foul Ball, location: 2F
0-1: Ball
1-1: Ball
2-1: Fly out, F5 (Line Drive, 6)
Batting: RHB Jesús Hernández 0-0: TRIPLE (Groundball, 3L)
Batting: RHB Ramón Molina 0-0: Called Strike
0-1: Ball
1-1: Called Strike
1-2: Ball
2-2: Ball
3-2: Ground out 5-3 (Groundball, 56S)
Batting: RHB Shawn Gutiérrez 0-0: Intentional Walk
Batting: LHB Larry Howard 0-0: Called Strike
0-1: Foul Ball, location: 2F
0-2: Ball
1-2: Fly out, F9 (Line Drive, 9D)
Top of the 8th over - 0 runs, 1 hit, 0 errors, 2 left on base; St Charles 7 - Springfield 3
BOTTOM OF THE 8TH
Springfield Stars batting - Pitching for St Charles Sheens : LHP Scott Davis
Batting: LHB Elliott Newell 0-0: Ball
1-0: Ball
2-0: Called Strike
2-1: Ball
3-1: Swinging Strike
3-2: Ground out 6-3 (Groundball, 6M)
Batting: LHB Will Hill 0-0: Swinging Strike
0-1: Called Strike
0-2: Strikes out swinging
Batting: RHB Dave Henderson 0-0: Swinging Strike
0-1: Called Strike
0-2: Ball
1-2: Ball
2-2: Foul Ball, location: 2F
2-2: Strikes out swinging
Bottom of the 8th over - 0 runs, 0 hits, 0 errors, 0 left on base; St Charles 7 - Springfield 3
TOP OF THE 9TH
St Charles Sheens batting - Pitching for Springfield Stars : LHP Anthony Erickson
Batting: RHB Glen MacDonald 0-0: Ball
1-0: Foul Ball, location: 2F
1-1: Ball
2-1: Foul Ball, location: 2F
2-2: Foul Ball, location: 2F
2-2: Ball
3-2: DOUBLE (Flyball, 78XD)
Batting: RHB Sergio Pujols 0-0: Intentional Walk
Pitching: RHP Hyo-chin Ch'oe
Batting: RHB Lúcio Alfaro 0-0: Ball
1-0: Bunted foul
1-1: Bunted foul
1-2: Strikes out swinging
Batting: RHB Salvador Rodríguez 0-0: Ball
1-0: Ball
2-0: Swinging Strike
2-1: Ball
3-1: Swinging Strike
3-2: Strikes out swinging
Batting: RHB Miguel Palácios 0-0: Fielders Choice at 2nd, 6-4 (Groundball, 6)
Top of the 9th over - 0 runs, 1 hit, 0 errors, 2 left on base; St Charles 7 - Springfield 3
BOTTOM OF THE 9TH
Springfield Stars batting - Pitching for St Charles Sheens : LHP Scott Davis
Batting: RHB José López 0-0: Ball
1-0: Foul Ball, location: 2F
1-1: SINGLE (Groundball, 56D)
Batting: LHB Roberto Trujillo 0-0: Foul Ball, location: 2F
0-1: Swinging Strike
0-2: Ground out 4-3 (Groundball, 34)
José López to second
Batting: RHB Norberto Taváres 0-0: Ball
1-0: Swinging Strike
1-1: Ball
2-1: Foul Ball, location: 2F
2-2: SINGLE (Groundball, 34D)
José López to third
Pitching: RHP Bob Martin
Batting: RHB Gabriel Erwin 0-0: Called Strike
0-1: Ball
1-1: Foul Ball, location: 2F
1-2: Ground out 5-3 (Groundball, 56S)
José López scores
Norberto Taváres to second
Batting: LHB Felipe Guerrero 0-0: Ball
1-0: Called Strike
1-1: Ball
2-1: SINGLE (Groundball, 3D)
Norberto Taváres to third
Batting: LHB Derek Davidson 0-0: Ball
1-0: Foul Ball, location: 2F
1-1: Foul Ball, location: 2F
1-2: Fielders Choice at 2nd, U6 (Groundball, 6M)
Bottom of the 9th over - 1 run, 3 hits, 0 errors, 2 left on base; St Charles 7 - Springfield 4
Saturday, April 7th, 2018 - OOTP Baseball 18.8 Build 76